 Dungeon Crawl Stone Soup version 0.30-a0-187-gd9c2deaf24 (webtiles) character file.

Game seed: 11444576947916403515

40 trckry the Digger (level 3, -3/25 HPs)
             Began as a Formicid Earth Elementalist on Oct 4, 2022.
             Slain by Terence
             ... wielding a +0 flail
              (9 damage)
             ... on level 2 of the Dungeon.
             The game lasted 00:04:21 (1016 turns).

trckry the Digger (Formicid Earth Elementalist)     Turns: 1016, Time: 00:04:21

Health: -3/25      AC:  2    Str: 12    XL:     3   Next: 72%
Magic:  3/6        EV: 12    Int: 16    God:
Gold:   107        SH:  0    Dex: 14    Spells: 2/6 levels left

rFire   . . .      SeeInvis +    a - +2 dagger (elec)
rCold   . . .      Faith    .    (no shield)
rNeg    . . .      Spirit   .    g - +0 robe
rPois   .          Reflect  .    (helmet unavailable)
rElec   .          Harm     .    (no cloak)
rCorr   .          Rampage  .    (no gloves)
Will    .....                    (no boots)
Stlth   ++........               (no amulet)
HPRegen 0.24/turn                (no ring)
MPRegen 0.10/turn                (no ring)

@: no status effects
A: permanent stasis, dig shafts and tunnels, antennae 3, four strong arms
a: Dig, Shaft Self


You were on level 2 of the Dungeon.
You visited 1 branch of the dungeon, and saw 2 of its levels.

You collected 107 gold pieces.

Inventory:

Hand Weapons
 a - a +2 dagger of electrocution (weapon)
Armour
 g - a +0 robe (worn)
Scrolls
 b - a scroll of immolation {unknown}
 c - 3 scrolls of identify {unknown}
 e - a scroll of teleportation {unknown}
 f - a scroll of blinking {unknown}
 h - a scroll of vulnerability {unknown}
Potions
 d - a potion of heal wounds {unknown}


   Skills:
 + Level 0.6 Fighting
 + Level 0.7 Armour
 + Level 1.9 Dodging
 + Level 2.7 Stealth
 + Level 2.4 Spellcasting
 * Level 0.2 Conjurations
 + Level 1.4 Transmutations
 * Level 0.1 Ice Magic
 * Level 4.3 Earth Magic


You had 2 spell levels left.
You knew the following spells:

 Your Spells              Type           Power      Damage    Failure   Level
a - Sandblast             Erth           30%        2d9       3%          1
b - Stone Arrow           Conj/Erth      18%        3d8       24%         3

Your spell library contained the following spells:

 Spells                   Type           Power      Damage    Failure   Level
 Passwall                 Tmut/Erth      9%         N/A       9%          2
 Freeze                   Ice            8%         1d3       19%         1
 Frozen Ramparts          Ice            4%         1d1       50%         3
 Hailstorm                Conj/Ice       2%         3d3       50%         3
 Petrify                  Tmut/Erth      11%        N/A       52%         4


Dungeon Overview and Level Annotations

Branches:
Dungeon (2/15) Zot: 10964

Altars:

Annotations:
D:2 Terence


Innate Abilities, Weirdness & Mutations

You cannot be hasted, slowed, berserked, paralysed or teleported.
You can dig through walls and to a lower floor.
You have a pair of large antennae on your head. (SInv)
Your four strong arms can wield two-handed weapons with a shield.


Message History

A goblin comes into view. It is wielding a +0 club.
You now have 5/6 mp.
Casting: Sandblast (safe; 3% risk of failure)
Confirm with . or Enter, or press ? or * to list all spells.
Aiming: Sandblast (safe; 3% risk of failure)
Press: ? - help, Shift-Dir - straight line, f/p - Terence
Aim: Terence, wielding a +0 flail and wearing a +2 scale mail of poison resistance (lightly wounded, 84% to hit)
The blast of sand hits Terence.
Terence is lightly wounded.
An endoplasm comes into view.
You now have 4/6 mp.
Casting: Sandblast (safe; 3% risk of failure)
Confirm with . or Enter, or press ? or * to list all spells.
Aiming: Sandblast (safe; 3% risk of failure)
Press: ? - help, Shift-Dir - straight line, f/p - Terence
Aim: Terence, wielding a +0 flail and wearing a +2 scale mail of poison resistance (lightly wounded, 84% to hit)
The blast of sand hits Terence but does no damage.
Terence is lightly wounded.
The endoplasm quivers.
Terence hits you with a +0 flail.
You take 5 damage, and have 20/25 hp.
You now have 3/6 mp.
You hit Terence.
Terence is moderately wounded.
Terence barely misses you.
You barely miss Terence.
Terence is moderately wounded.
Terence barely misses you.
An endoplasm comes into view.
The endoplasm quivers.
You hit Terence but do no damage.
Terence is moderately wounded.
Terence hits you with a +0 flail.
You take 6 damage, and have 15/25 hp.
MASSIVE DAMAGE!!
You hit Terence.
Terence is heavily wounded.
Terence hits you with a +0 flail!
* * * LOW HITPOINT WARNING * * *
You take 9 damage, and have 6/25 hp.
MASSIVE DAMAGE!!
Terence attacks as you move away! Terence hits you with a +0 flail!
You die...

... .. ... .. J.. #. #.#
.. ... #..##.##.# ....
...### ...#..Jg#
............ #..##.#@#
.....#.###...
#..#.{#@##............##
#..#..................#.
#....#..#.............#.
#.#..#....##............
#.#....#..............##
#...##................##
##..###....#............
#.........#####.#######
#..........# .. #


You could see Terence, 2 endoplasms and a goblin.

Vanquished Creatures
  An adder (D:2)
  3 giant cockroaches
  2 goblins (D:1)
  4 hobgoblins
  3 jackals (D:1)
  A quokka (D:1)
  2 ball pythons
  A bat (D:1)
  3 frilled lizards
  6 kobolds
  2 rats
28 creatures vanquished.

Notes
Turn   | Place    | Note
-------+----------+-------------------------------------------
     0 | D:1      | trckry the Formicid Earth Elementalist began the quest for
                  | the Orb.
     0 | D:1      | Reached XP level 1. HP: 13/13 MP: 3/3
   118 | D:1      | Reached XP level 2. HP: 19/19 MP: 3/5
   285 | D:1      | HP: 3/20 [jackal (3)]
   290 | D:1      | HP: 2/20 [jackal (1)]
   291 | D:1      | Reached skill level 4 in Earth Magic
   416 | D:1      | Reached XP level 3. HP: 25/25 MP: 2/6
   551 | D:1      | Found a faded altar of an unknown god.
   828 | D:2      | Learned a level 3 spell: Stone Arrow
  1007 | D:2      | Noticed Terence
  1016 | D:2      | Slain by Terence

Illustrated notes

Levels and vault maps discovered:
D:1:      psy_arrival_statuary, layout_rooms,
          shapermc_ecumenical_altar_notcrosses
D:2:      layout_rooms, hangedman_feature_mirror, minmay_joined_circles,
          uniq_terence

Skill      XL: |  1  2 |
---------------+-------+-----
Earth Magic    | 4 |  4.3
Fighting       | |  0.6
Armour         | |  0.7
Dodging        | |  1.9
Stealth        | |  2.7
Spellcasting   | |  2.4
Conjurations   | |  0.2
Transmutations | |  1.4
Ice Magic      | |  0.1

Action                   || total
-------------------------++-------
Melee: Dagger            ||     4
 Cast: Sandblast         ||    43
  Use: Potion            ||     1
Armor: Robe              ||     8
Dodge: Dodged            ||    25

Table legend: (Time is in decaauts)
 A = Elapsed time spent in this place.
 B = Non-inter-level travel time spent in this place.
 C = Inter-level travel time spent in this place.
 D = Time resting spent in this place.
 E = Time spent auto-exploring this place.
 F = Levels seen in this place.
 G = Mean time per level.
                   A        B        C        D        E       F      G
               +--------+--------+--------+--------+--------+-----+--------+
         Total |   1035 |    985 |     50 |      0 |    729 |   2 |  517.5 |
       Dungeon |   1035 |    985 |     50 |      0 |    729 |   2 |  517.5 |
               +--------+--------+--------+--------+--------+-----+--------+

Top non-repeatable levels by time:
     D:1: 778 daAuts
     D:2: 257 daAuts
